idiot, neutral female gnomish Cavewoman - .-- ..| . .. ---..- --- ----..|.| | |. |.|..--.------- ----- | |. |.--- --.......s@h.......................- --.- ---...-- |.......--------------- .| --...----......| ---.|......| -- |...........<.- |...|......| |.............-----.--......-- |...................||.....-- -- --.--.|.------------..--- -------- ---- idiot the Aborigine Experience level: 3 Strength: 18 Dexterity: 11 Constitution: 18 Intelligence: 9 Wisdom: 10 Charisma: 9 Health: 0(27) Energy: 7(7) Def: 2 Gold: 524 Moves: 1088 Dungeon seed: OgWdV7bw-QVqCjGw Game ID: idiot_1543687922 Your Inventory: Coins $ - 524 gold pieces Weapons a - an uncursed +1 club (weapon in hand) b - an uncursed +2 sling (alternate weapon; not wielded) j - a blessed +1 long sword k - 8 uncursed +1 darts Armor q - an uncursed +0 leather armor (being worn) Comestibles f - an uncursed fortune cookie i - 2 uncursed tripe rations Scrolls d - an uncursed scroll of earth g - an uncursed scroll of light p - an uncursed scroll of taming Spellbooks s - an uncursed spellbook of detect unseen Potions l - an uncursed potion of gain energy m - a blessed potion of restore ability Rings r - a blessed +1 ring of gain constitution Tools c - an uncursed +0 grappling hook h - an uncursed bag of holding Gems e - 16 uncursed flint stones (in quiver) n - 27 uncursed rocks y - an uncursed worthless piece of violet glass Spells and supernatural/magical abilities: Name Level Category Cost Memory W - pray for help -- divine ? -- Your skills at the end: Fighting Skills bare handed combat [Basic] Weapon Skills club [Basic] sling [Basic] Spellcasting Skills Final Attributes: You were piously aligned. You had infravision. You last prayed 5 turns ago. Ishtar was noncommittal. You are dead. Vanquished creatures: a wererat a coyote a red mold a gnome zombie 4 jackals 3 foxes a kobold 2 lichens 3 newts 17 creatures vanquished. Voluntary challenges: You used a wielded weapon 19 times, starting on turn 282. You were illiterate. You never genocided any monsters. You never polymorphed an object. You never changed form. You used no wishes. You never split a pudding. You never wrote Elbereth's name. You never violated your personal moral code. You disabled loading bones files. Dungeon overview: The Dungeons of Doom: levels 1 to 4 Level 1 an altar to Ishtar, a fountain, a vault a long staircase Level 2 a fountain Level 3 stairs to The Gnomish Mines Level 4 The Gnomish Mines: Level 4 <- You were here stairs to The Dungeons of Doom History has recorded: On T:1 you entered the Dungeons of Doom to retrieve the Amulet of Yendor! On T:367 you reached level 2 of The Dungeons of Doom. On T:758 you advanced to experience level 2. On T:821 you reached level 3 of The Dungeons of Doom. On T:840 you reached level 4 of The Dungeons of Doom. On T:1029 you reached level 1 of The Gnomish Mines. On T:1073 you advanced to experience level 3. Score breakdown: Gold: 524 ( 9253 points) Experience: 3 levels ( 7878 points) Exploration: 4 levels ( 8.00%) ( 7423 points) Discoveries: 0 items ( 0.00%) ( 0 points) Valuables value: (no points given unless you survive) Artifact value: 0 ( 0 points) Variety of kills: 9 monsters ( 2.37%) ( 4616 points) Turncount: 1088 turns ( 0 points) Survival: died (score multiplied by 80%) Total score: 23336 Latest messages: You begin praying to Ishtar. You are surrounded by a shimmering light. The bugbear starts to attack you, but pulls back. (2x) The cave spider starts to attack you, but pulls back. You feel that Ishtar is well-pleased. You feel much better. [3 turns] You hit the bugbear! The bugbear hits! The cave spider bites! You miss the bugbear. The cave spider bites! You miss the bugbear. The bugbear hits! The cave spider bites! You hit the bugbear. The bugbear hits! The cave spider bites! You miss the bugbear. The bugbear hits! The cave spider bites! You are not using any tools. a - an uncursed +1 club (weapon in hand). You miss the bugbear. The cave spider bites! You die... Final status: Goodbye idiot the Cavewoman, killed by a cave spider... You died in The Gnomish Mines on dungeon level 4 with 23336 points, and 524 pieces of gold, after 1088 moves. You were level 3 with a maximum of 27 hit points when you died.